 Dungeon Crawl Stone Soup version 0.30-a0-305-g026cb31310 (webtiles) character file.

Game seed: 11050364786636540323

58422 Dnbvrw the Unseen (level 14, -5/72 HPs)
             Began as a Spriggan Enchanter on Oct 21, 2022.
             Was a High Priest of Dithmenos.
             Slain by a catoblepas (7 damage)
             ... while petrified by a catoblepas
             ... on level 5 of the Lair of Beasts.
             The game lasted 01:01:19 (19896 turns).

Dnbvrw the Unseen (Spriggan Enchanter)             Turns: 19896, Time: 01:01:20

Health: -5/72      AC: 10    Str: 14    XL:     14   Next: 49%
Magic:  31/33      EV:  4    Int: 16    God:    Dithmenos [*****.]
Gold:   1447       SH:  0    Dex: 17    Spells: 22/42 levels left

rFire   . . .      SeeInvis +    a - +3 dagger (drain)
rCold   . . .      Faith    .    (no shield)
rNeg    + + +      Spirit   .    v - +3 steam dragon scales
rPois   ∞          Reflect  +    (helmet restricted)
rElec   .          Harm     .    s - +1 cloak {rCorr}
rCorr   +          Rampage  .    (gloves unavailable)
Will    +....                    (boots unavailable) Stlth *+++++++++
                                 q - amulet of reflection
HPRegen 0.32/turn                E - +6 ring of strength
MPRegen 0.23/turn                A - ring of flight

@: petrified, weak-willed, on berserk cooldown, flying, slowed, wreathed by
umbra, very quick
A: very small, no large weapons, unfitting armour, see invisible, speed 3,
poison resistance
a: Renounce Religion, Shadow Step, Shadow Form


You were on level 5 of the Lair of Beasts.
You worshipped Dithmenos.
Dithmenos was extremely pleased with you.
You visited 3 branches of the dungeon, and saw 20 of its levels.

You collected 1447 gold pieces.

Inventory:

Hand Weapons
 a - a +3 dagger of draining (weapon)
 g - a +3 dagger
Missiles
 t - 5 throwing nets (quivered)
 w - 2 curare-tipped darts
Armour
 j - a +2 robe of willpower
 s - a +1 cloak of preservation (worn)
 v - +3 steam dragon scales (worn)
Jewellery
 e - a ring of ice
 m - a ring of resist corrosion
 q - an amulet of reflection (around neck)
 A - a ring of flight (right hand)
 E - a +6 ring of strength (left hand)
Wands
 b - a wand of charming (19)
 d - a wand of digging (24)
 f - a wand of light (38)
 l - a wand of polymorph (10)
 o - a wand of flame (49)
Scrolls
 h - 6 scrolls of teleportation
 u - 10 scrolls of identify
 x - 2 scrolls of butterflies
 y - 2 scrolls of fear
 C - 2 scrolls of amnesia
Potions
 c - 2 potions of invisibility
 i - 9 potions of curing
 k - 2 potions of cancellation
 n - a potion of berserk rage
 p - 5 potions of might
 r - 2 potions of haste
 z - 4 potions of heal wounds
 B - a potion of lignification
 D - 2 potions of flight
 F - a potion of mutation


   Skills:
 + Level 7.5 Fighting
 + Level 9.8 Short Blades
 + Level 11.8 Dodging
 + Level 18.1 Stealth
 + Level 14.9 Spellcasting
 + Level 15.1 Hexes


You had 22 spell levels left.
You knew the following spells:

 Your Spells              Type           Power      Damage    Failure   Level
a - Ensorcelled Hibernat  Hex/Ice        72%        N/A       1%          2
b - Tukima's Dance        Hex            57%        N/A       1%          3
c - Dazzling Flash        Conj/Hex       72%        N/A       1%          3
d - Confusing Touch       Hex            57%        N/A       1%          3
e - Blink                 Tloc           22%        N/A       9%          2
f - Enfeeble              Hex            28%        N/A       10%         7

Your spell library contained the following spells:

 Spells                   Type           Power      Damage    Failure   Level
 Slow                     Hex            100%       N/A       0%          1
 Portal Projectile        Hex/Tloc       72%        N/A       1%          3
 Anguish                  Hex/Necr       18%        N/A       2%          4
 Fulminant Prism          Conj/Hex       18%        3d11      2%          4
 Kiss of Death            Conj/Necr      44%        2d8       5%          1
 Sting                    Tmut/Pois      44%        1d5       5%          1
 Metabolic Englaciation   Hex/Ice        18%        N/A       7%          5
 Silence                  Hex/Air        18%        N/A       7%          5
 Yara's Violent Unravell  Hex/Tmut       18%        3d9       7%          5
 Cigotuvi's Dreadful Rot  Necr/Pois/Air  22%        N/A       9%          2
 Momentum Strike          Conj/Tloc      22%        3d8       9%          2
 Poisonous Vapours        Pois/Air       22%        N/A       9%          2
 Ignite Poison            Fire/Tmut/Pois 11%        N/A       17%         3
 Kindle Blastsparks       Fire/Tloc/Air  22%        2d11      17%         3
 Lesser Beckoning         Tloc           22%        N/A       17%         3
 Mephitic Cloud           Conj/Pois/Air  11%        N/A       17%         3
 Vampiric Draining        Necr           11%        2d6       17%         3
 Dispel Undead            Necr           11%        3d9       50%         4
 Iskenderun's Mystic Bla  Conj/Tloc      11%        2d4       50%         4
 Olgreb's Toxic Radiance  Pois           11%        N/A       50%         4
 Passage of Golubria      Tloc           11%        N/A       50%         4
 Sticky Flame             Conj/Fire      11%        2d3       50%         4
 Alistair's Intoxication  Tmut/Pois      7%         N/A       83%         5
 Blade Hands              Tmut           5%         N/A       83%         5
 Borgnjor's Vile Clutch   Necr/Erth      5%         N/A       83%         5
 Freezing Cloud           Conj/Ice/Air   5%         6-21      83%         5
 Lee's Rapid Deconstruct  Erth           5%         3d6*      83%         5
 Eringya's Noxious Bog    Tmut/Pois      5%         N/A       100%        6
 Simulacrum               Ice/Necr       5%         N/A       100%        6
 Ozocubu's Refrigeration  Ice            5%         4d8       100%        7
 Storm Form               Tmut/Air       5%         N/A       100%        7
 Ignition                 Fire           5%         3d4       100%        8
 Lehudib's Crystal Spear  Conj/Erth      5%         10d3      100%        8
 Polar Vortex             Ice            5%         N/A       100%        9


Dungeon Overview and Level Annotations

Branches:
Dungeon (14/15)            Temple (1/1) D:7            Lair (4/5) D:10
  Swamp (0/4) Lair:3        Snake (0/4) Lair:3        Slime (0/5) Lair:4
    Orc (0/2) D:12         Vaults (0/5) D:14

Altars:
Ashenzari
Cheibriados
Dithmenos
Elyvilon
Fedhas
Gozag
Hepliaklqana
Kikubaaqudgha
Makhleb
Nemelex Xobeh
Okawaru
Qazlal
Ru
Sif Muna
Trog
Uskayaw
Vehumet
Wu Jian
Xom
Yredelemnul
Zin
The Shining One
Jiyva

Shops:
D:12 [

Annotations:
D:6 3 runed translucent doors, Mandevil's ghost, amateur AtMo
D:9 1 runed translucent door, Gwg's ghost, novice MeFi
D:13 4 transporters


Innate Abilities, Weirdness & Mutations

You are very small and have problems with some larger weapons.
You are too small for most types of armour.
You have supernaturally acute eyesight. (SInv)
You cover ground extremely quickly. (Speed+++)
Your system is resistant to poisons. (rPois)


Message History

You drain the catoblepas.
The catoblepas is heavily wounded.
You are engulfed in calcifying dust.
You are slowing down.
You hit the catoblepas but do no damage.
You drain the catoblepas.
The catoblepas is heavily wounded.
Your shadow hits the catoblepas but does no damage.
You are engulfed in calcifying dust.
Your limbs have turned to stone.
You have turned to stone.
You are engulfed in calcifying dust.
The catoblepas gores you.
You are engulfed in calcifying dust.
The polar bear is no longer petrified.
The polar bear bites you.
The polar bear claws you but does no damage.
The polar bear claws you. The catoblepas gores you.
You are engulfed in calcifying dust.
You are no longer berserk.
You feel yourself slow down. The polar bear bites you!
* * * LOW HITPOINT WARNING * * *
The polar bear claws you.
* * * LOW HITPOINT WARNING * * *
The polar bear claws you.
* * * LOW HITPOINT WARNING * * *
The catoblepas barely misses you. The polar bear bites you!
* * * LOW HITPOINT WARNING * * *
The polar bear claws you. x2
* * * LOW HITPOINT WARNING * * *
The catoblepas breathes a plume of calcifying dust at you.
The blast of calcifying dust hits you.
* * * LOW HITPOINT WARNING * * *
You are engulfed in calcifying dust.
The polar bear bites you!
* * * LOW HITPOINT WARNING * * *
The polar bear claws you but does no damage. x2
The catoblepas gores you but does no damage.
You are engulfed in calcifying dust.
The polar bear bites you.
* * * LOW HITPOINT WARNING * * *
The polar bear claws you but does no damage. x2
The catoblepas gores you!
You die...

..#.. ##....
#....##
#.....
##...##
#..P..#
###§.#..# .
#......P#
....#.@h..##
.......Y....#
...#........#
# #.#.....##
##.......#
##.P...##
###.#.# #####


You could see a catoblepas (drained) and a polar bear.

Vanquished Creatures
  A vault warden (D:14)
  An orc warlord (D:12)
  2 vault guards (D:14)
  2 hydras
  A rakshasa (D:14)
  Harold (D:9)
  5 centaur warriors
  5 boulder beetles
  A dancing weapon (D:14)
  6 two-headed ogres
  Amaemon (Lair:2)
  Nergalle (Lair:3)
  A bog body (Lair:3)
  A necromancer (Lair:3)
  8 ugly things
  2 cyclopes (D:12)
  3 manticores
  Maurice (D:8)
  6 elephants (Lair:3)
  Joseph (D:8)
  4 black mambas
  5 cane toads
  A gargoyle (D:11)
  A kobold demonologist (D:11)
  An orange demon (Lair:2)
  Maggie (Lair:2)
  An unseen horror (D:11)
  6 komodo dragons
  2 polar bears
  2 hornets (D:9)
  10 trolls
  6 meliai
  Grinder (D:5)
  12 blink frogs
  3 wraiths
  42 yaks
  6 wyverns
  2 basilisks (Lair:2)
  2 steam dragons
  3 humans (D:14)
  6 nagas (Lair:3)
  Duvessa (D:4)
  2 acid dragons
  17 water moccasins
  An ice beast (D:8)
  An orc warrior (D:11)
  2 sky beasts
  A black bear (D:6)
  34 wolves
  2 ogres (D:5)
  12 centaurs
  A phantom (D:5)
  3 kobold brigands
  14 bullfrogs
  A gnoll sergeant (D:8)
  A necrophage (D:4)
  A scorpion (D:3)
  A wight (D:7)
  Dowan (D:4)
  30 killer bees
  4 electric eels
  A howler monkey (D:10)
  2 hounds
  A gnoll bouda (D:4)
  4 jellies
  6 orc priests
  Crazy Yiuf (D:5)
  Ijyb (D:4)
  Natasha (thrice) (D:3)
  3 iguanas
  5 orc wizards
  A yak simulacrum (Lair:3)
  4 polar bear simulacra (Lair:3)
  3 wolf simulacra (Lair:3)
  7 gnolls
  6 adders
  3 white imps
  An ufetubus (D:5)
  3 dart slugs
  18 orcs
  8 endoplasms
  4 giant cockroaches
  11 goblins
  5 hobgoblins
  4 jackals (D:4)
  A quokka (D:1)
  7 ball pythons
  6 bats
  3 frilled lizards
  27 kobolds
  4 rats
  3 river rat simulacra (Lair:3)
453 creatures vanquished.

Vanquished Creatures (collateral kills)
  Rupert (D:13)
  Psyche (D:8)
  Sigmund (D:2)
  An orc warrior (D:10)
  A black bear (D:5)
  An ogre (D:7)
  2 orc priests
  3 orc wizards
  Terence (D:3)
  A gnoll (D:8)
  An orc (D:7)
14 creatures vanquished.

Vanquished Creatures (others)
  6 dancing weapons
  29 fungi
  35 plants
  2 withered plants (D:9)
72 creatures vanquished.

Grand Total: 539 creatures vanquished

Notes
Turn   | Place    | Note
-------+----------+-------------------------------------------
     0 | D:1      | Dnbvrw the Spriggan Enchanter began the quest for the Orb.
     0 | D:1      | Reached XP level 1. HP: 9/9 MP: 5/5
   197 | D:1      | Reached XP level 2. HP: 13/13 MP: 7/7
   200 | D:1      | Learned a level 2 spell: Ensorcelled Hibernation
   625 | D:1      | Reached XP level 3. HP: 16/16 MP: 9/9
   644 | D:1      | Learned a level 3 spell: Tukima's Dance
   648 | D:1      | Learned a level 3 spell: Confusing Touch
  1036 | D:2      | Found a hazy altar of Hepliaklqana.
  1234 | D:2      | Reached XP level 4. HP: 15/21 MP: 3/11
  1380 | D:2      | Reached skill level 5 in Hexes
  1467 | D:2      | Noticed Sigmund
  1528 | D:2      | Killed Sigmund
  1529 | D:2      | Reached skill level 5 in Spellcasting
  1529 | D:2      | Reached XP level 5. HP: 24/24 MP: 1/14
  1881 | D:2      | You fall into a shaft and drop 1 floor!
  2108 | D:3      | Learned a level 3 spell: Dazzling Flash
  2111 | D:3      | Learned a level 2 spell: Blink
  2164 | D:3      | Reached XP level 6. HP: 28/28 MP: 10/15
  2227 | D:3      | Noticed Natasha
  2230 | D:3      | Killed Natasha
  2231 | D:3      | Reached skill level 5 in Stealth
  2268 | D:3      | Noticed Terence
  2290 | D:3      | Killed Terence
  2503 | D:3      | Found an iron altar of Okawaru.
  2612 | D:3      | Noticed Natasha
  2661 | D:3      | Killed Natasha
  2677 | D:3      | Noticed Natasha
  2688 | D:3      | Killed Natasha
  2852 | D:3      | Got the Exposition on the Birds and Direction
  3159 | D:4      | Reached skill level 6 in Stealth
  3159 | D:4      | Reached XP level 7. HP: 23/32 MP: 8/17
  3283 | D:4      | Found a burning altar of Makhleb.
  3779 | D:4      | Noticed Dowan
  3813 | D:4      | Noticed Duvessa
  3827 | D:4      | Killed Duvessa
  3828 | D:4      | Reached skill level 7 in Stealth
  3832 | D:4      | Killed Dowan
  4032 | D:5      | Entered Level 5 of the Dungeon
  4100 | D:5      | Noticed Ijyb
  4115 | D:4      | Killed Ijyb
  4158 | D:5      | Reached XP level 8. HP: 25/36 MP: 15/20
  4162 | D:5      | Reached skill level 8 in Stealth
  4178 | D:5      | Noticed Grinder
  4181 | D:5      | Paralysed by Grinder for 2 turns
  4201 | D:5      | Killed Grinder
  4336 | D:5      | Reached skill level 9 in Stealth
  5008 | D:5      | Found a runed translucent door.
  5009 | D:5      | Noticed Crazy Yiuf
  5016 | D:5      | Killed Crazy Yiuf
  5192 | D:6      | Identified the +1 robe of Viny Curiosity {Str+2}
  5508 | D:6      | Reached skill level 10 in Stealth
  5569 | D:6      | Reached XP level 9. HP: 25/39 MP: 17/23
  5776 | D:6      | Found a runed translucent gate.
  5776 | D:6      | Found a runed translucent gate.
  5778 | D:6      | Found a runed translucent gate.
  5778 | D:6      | Noticed a spectral unseen horror
  5779 | D:6      | Noticed Mandevil's ghost (amateur AtMo)
  5779 | D:6      | Noticed a spectral unseen horror
  6364 | D:7      | Reached skill level 11 in Stealth
  6364 | D:7      | Reached skill level 10 in Hexes
  6694 | D:7      | Found a staircase to the Ecumenical Temple.
  6712 | Temple   | Entered the Ecumenical Temple
  6890 | Temple   | Became a worshipper of Dithmenos the Shadowed
  7036 | D:7      | Reached skill level 10 in Spellcasting
  7160 | D:7      | Gained mutation: You occasionally lose the ability to drink
                  | potions when taking damage. [potion of mutation]
  7160 | D:7      | Gained mutation: You have large cloven feet. [potion of
                  | mutation]
  7161 | D:7      | Lost mutation: You have large cloven feet. [potion of
                  | mutation]
  7161 | D:7      | Lost mutation: You occasionally lose the ability to drink
                  | potions when taking damage. [potion of mutation]
  7161 | D:7      | Gained mutation: You are strong-willed. (Will+) [potion of
                  | mutation]
  7161 | D:7      | Lost mutation: You are strong-willed. (Will+) [potion of
                  | mutation]
  7162 | D:7      | Gained mutation: You have hidden genetic defects. [potion
                  | of mutation]
  7162 | D:7      | Gained mutation: Your mind is acute. (Int +4, Str/Dex -1)
                  | [potion of mutation]
  7162 | D:7      | Gained mutation: You are weak. (Str -2) [potion of
                  | mutation]
  7240 | D:7      | Reached skill level 12 in Stealth
  7265 | D:7      | Gained mutation: You do not regenerate when monsters are
                  | visible. [hidden defects]
  7522 | D:7      | Found a basalt altar of Yredelemnul.
  7531 | D:7      | Found a sparkling altar of Nemelex Xobeh.
  7588 | D:8      | Noticed a two-headed ogre
  7601 | D:8      | Killed a two-headed ogre
  7602 | D:8      | Reached XP level 10. HP: 32/44 MP: 19/25
  7611 | D:8      | Gained mutation: You occasionally lose the ability to read
                  | scrolls when taking damage. [hidden defects]
  7611 | D:8      | Lost mutation: You have hidden genetic defects. [hidden
                  | defects expressed]
  7724 | D:8      | Noticed Maurice
  7739 | D:8      | Killed Maurice
  7756 | D:8      | Noticed Psyche
  7763 | D:8      | Reached * piety under Dithmenos
  7785 | D:8      | Killed Psyche
  7786 | D:8      | Reached skill level 1 in Fighting
  7871 | D:8      | Noticed Joseph
  7890 | D:8      | Reached skill level 13 in Stealth
  7986 | D:8      | Killed Joseph
  9103 | D:9      | Noticed Harold
  9123 | D:9      | Killed Harold
  9124 | D:9      | Reached skill level 5 in Dodging
  9128 | D:9      | Reached ** piety under Dithmenos
  9373 | D:9      | Reached XP level 11. HP: 47/51 MP: 20/27
  9658 | D:9      | Reached skill level 14 in Stealth
  9960 | D:9      | Found a runed translucent door.
  9960 | D:9      | Noticed Gwg's ghost (novice MeFi)
 10138 | D:10     | Entered Level 10 of the Dungeon
 10211 | D:10     | Found a staircase to the Lair.
 10633 | D:10     | Reached *** piety under Dithmenos
 10674 | D:10     | Noticed a two-headed ogre
 10680 | D:10     | Killed a two-headed ogre
 10799 | D:10     | Reached skill level 5 in Short Blades
 10869 | D:10     | Noticed a two-headed ogre
 10876 | D:10     | Killed a two-headed ogre
 11300 | D:11     | Noticed a two-headed ogre
 11300 | D:11     | Noticed a boulder beetle
 11302 | D:11     | Killed a boulder beetle
 11307 | D:11     | Killed a two-headed ogre
 11422 | D:11     | Noticed a boulder beetle
 11428 | D:11     | Killed a boulder beetle
 11545 | D:11     | Reached skill level 15 in Stealth
 11565 | D:11     | Reached XP level 12. HP: 58/58 MP: 29/29
 11865 | D:12     | Found Rayth's Antique Armour Shop.
 11871 | D:12     | Noticed a two-headed ogre
 11884 | D:12     | Reached **** piety under Dithmenos
 11888 | D:12     | Killed a two-headed ogre
 12028 | D:12     | Noticed an orc warlord
 12060 | D:12     | Noticed a centaur warrior
 12065 | D:12     | Killed a centaur warrior
 12102 | D:12     | Killed an orc warlord
 12103 | D:12     | Reached skill level 5 in Fighting
 12113 | D:12     | Identified the +3 shortbow of Conversion {antimagic, rCorr
                  | SInv}
 12277 | D:12     | Noticed a two-headed ogre
 12282 | D:12     | Killed a two-headed ogre
 12382 | D:12     | Found a staircase to the Orcish Mines.
 12620 | D:13     | Noticed Rupert
 12687 | D:13     | Killed Rupert
 12888 | D:13     | Noticed a boulder beetle
 12894 | D:13     | Killed a boulder beetle
 12895 | D:13     | Reached skill level 16 in Stealth
 12975 | D:13     | Found a transporter.
 12976 | D:13     | Found a transporter.
 12978 | D:13     | Found a transporter.
 13001 | D:13     | Found a transporter.
 13048 | D:13     | Noticed a centaur warrior
 13071 | D:13     | Killed a centaur warrior
 13364 | D:13     | Lost mutation: You are weak. (Str -2) [potion of mutation]
 13364 | D:13     | Lost mutation: You occasionally lose the ability to read
                  | scrolls when taking damage. [potion of mutation]
 13364 | D:13     | Lost mutation: You do not regenerate when monsters are
                  | visible. [potion of mutation]
 13364 | D:13     | Gained mutation: Your system is resistant to poisons.
                  | (rPois) [potion of mutation]
 13364 | D:13     | Lost mutation: Your mind is acute. (Int +4, Str/Dex -1)
                  | [potion of mutation]
 13514 | D:14     | Noticed a centaur warrior
 13516 | D:14     | Killed a centaur warrior
 13517 | D:14     | Noticed a boulder beetle
 13535 | D:14     | Killed a boulder beetle
 13574 | D:14     | Noticed a seven-headed hydra
 13580 | D:14     | Killed a seven-headed hydra
 13623 | D:14     | Noticed a vault guard
 13624 | D:14     | Found a transporter.
 13624 | D:14     | Noticed a vault guard
 13625 | D:14     | Noticed a boulder beetle
 13628 | D:14     | Noticed a rakshasa
 13633 | D:14     | Killed a boulder beetle
 13634 | D:14     | Reached XP level 13. HP: 65/65 MP: 31/31
 13649 | D:14     | Found a transporter.
 13653 | D:14     | Found an ornate altar of the Wu Jian Council.
 13655 | D:14     | Found a transporter.
 13893 | D:14     | Noticed a vault warden
 13893 | D:14     | Found an ornate altar of the Wu Jian Council.
 13893 | D:14     | Found a transporter.
 13896 | D:14     | Killed a vault warden
 14388 | D:14     | Reached skill level 10 in Dodging
 14893 | D:14     | Found a gate to the Vaults.
 15327 | Lair:1   | Entered Level 1 of the Lair of Beasts
 15381 | Lair:1   | Reached skill level 17 in Stealth
 15894 | Lair:1   | Identified the +9 whip "Wuesasau" {vorpal, Int-5 SInv
                  | Stlth+}
 16418 | Lair:2   | Noticed Amaemon
 16422 | Lair:2   | Killed Amaemon
 16454 | Lair:2   | Noticed Maggie
 16463 | Lair:2   | Killed Maggie
 17376 | Lair:3   | Noticed Nergalle
 17395 | Lair:3   | Killed Nergalle
 17406 | Lair:3   | Reached XP level 14. HP: 70/70 MP: 33/33
 17461 | Lair:3   | HP: 2/70 [bog body (29)]
 17647 | Lair:3   | Reached ***** piety under Dithmenos
 17964 | Lair:3   | Found a staircase to the Swamp.
 18181 | Lair:3   | Identified a scroll of acquirement
 18181 | Lair:3   | Acquired Sif Muna's Directory of Guile and Hypothermia
 18193 | Lair:3   | Learned a level 7 spell: Enfeeble
 18358 | Lair:3   | Found a staircase to the Snake Pit.
 18818 | Lair:3   | Reached skill level 15 in Hexes
 19214 | Lair:4   | Reached skill level 18 in Stealth
 19814 | Lair:4   | Found a viscous altar of Jiyva.
 19815 | Lair:4   | Found a staircase to the Slime Pits.
 19867 | Lair:4   | You are sucked into a shaft and drop 1 floor!
 19867 | Lair:5   | Entered Level 5 of the Lair of Beasts
 19895 | Lair:5   | HP: 3/72 [polar bear (5)]
 19896 | Lair:5   | Slain by a catoblepas

Illustrated notes

Levels and vault maps discovered:
D:1:      dpeg_arrival_round_c, layout_loops_ring, minmay_box_of_dots
D:2:      layout_basic, basic_altar, uniq_sigmund
D:3:      layout_loops_cross, pf_just_have_faith, minmay_liquid_box,
          st_stairs_4, hangedman_abyss_or_decor_lesser_grid, uniq_natasha,
          uniq_terence
D:4:      layout_loops_ring, lemuel_crystal_altar, minmay_diced_spiral,
          uniq_duvessa
D:5:      layout_loops_ring, kennysheep_generic_room_12, uniq_grinder,
          uniq_ijyb, uniq_crazy_yiuf_cottage
D:6:      layout_basic, gammafunk_ghost_necromancy
D:7:      layout_loops_ring, mainiacjoe_overflow_swirl, temple_pool_b,
          grunt_ministairs_6, kennysheep_generic_room_5
D:8:      layout_loops_ring, dk_noncrumbling_2, serial_bayou_pond_b,
          uniq_maurice, uniq_psyche, uniq_joseph
D:9:      layout_irregular_city, gammafunk_ghost_grave, uniq_harold
D:10:     layout_stronghold, lair_entry_dummy, roderic_roman_lattice
D:11:     layout_basic, kennysheep_dice
D:12:     layout_roguey, orc_0_dummy, dreamdust_mushroom_princess,
          minmay_misc_feat_diagonals, nicolae_inconvenience_store,
          kennysheep_path_1, kennysheep_four_rooms
D:13:     layout_loops_cross, nicolae_diode_quadrants, uniq_rupert
D:14:     dreamdust_wu_jian_sword_trials, layout_gridville, erik_vaults_1
Temple:   dpeg_five_rooms_temple
Lair:1:   layout_regular_city, grunt_megastairs_5
Lair:2:   layout_small_grid, lemuel_fruit_fields, uniq_amaemon, uniq_maggie
Lair:3:   layout_loops_ring, skrybe_swamp_entry_bodies,
          minmay_snake_entry_guardpost_large, eino_house_with_fridge,
          grunt_megastairs_3, uniq_nergalle
Lair:4:   layout_loops_ring, slime_entry_1, grunt_forest_large_clearings,
          grunt_megastairs_2, serial_bayou_shore_b
Lair:5:   hellmonk_lair_end_abyssal_woods, layout_loops_ring,
          nicolae_volcano_entry_hallway, nicolae_lair_lindhole

Skill      XL: |  1  2  3  4  5  6  7  8  9 10 11 12 13 14 |
---------------+-------------------------------------------+-----
Spellcasting   | 3 4 5 6 7 9 10 11 12 13 14 | 14.9
Hexes          | 4 6 7 9 11 12 13 14 15 | 15.1
Stealth        | 6 7 10 12 13 15 16 17 18 | 18.1
Dodging        | 5 7 9 11 | 11.8
Fighting       | 2 4 5 6 7 |  7.5
Short Blades   | 3 6 7 9 |  9.8

Action                   |  1- 3 |  4- 6 |  7- 9 | 10-12 | 13-15 || total
-------------------------+-------+-------+-------+-------+-------++-------
Melee: Dagger            |   100 |    86 |   257 |   351 |   657 ||  1451
       Punch             |     1 |     1 |     2 |     7 |    10 ||    21
 Cast: Ensorcelled Hiber |    13 |    19 |    31 |   105 |   119 ||   287
       Tukima's Dance    |       |    10 |    12 |    21 |     6 ||    49
       Confusing Touch   |       |     1 |     9 |     6 |    11 ||    27
       Dazzling Flash    |       |       |       |       |    24 ||    24
Invok: Shadow Step       |       |       |       |     1 |     4 ||     5
Evoke: Wand              |       |     1 |     2 |     5 |     4 ||    12
  Use: Scroll            |       |     8 |     7 |     5 |     8 ||    28
       Potion            |       |     1 |     4 |     4 |     2 ||    11
 Stab: Sleeping          |    18 |    17 |    31 |   102 |   118 ||   286
       Distracted        |     1 |       |     1 |     3 |     3 ||     8
       Invisible         |       |       |     4 |     3 |     8 ||    15
       Confused          |       |       |     7 |     7 |    10 ||    24
Armor: Robe              |     8 |    11 |    19 |       |       ||    38
       Steam dragon scal |       |       |    22 |    48 |    62 ||   132
Dodge: Dodged            |    54 |    75 |   149 |   263 |   474 ||  1015
Block: Other             |       |       |    24 |    74 |   101 ||   199
       Reflection        |       |       |     1 |       |       ||     1

Table legend: (Time is in decaauts)
 A = Elapsed time spent in this place.
 B = Non-inter-level travel time spent in this place.
 C = Inter-level travel time spent in this place.
 D = Time resting spent in this place.
 E = Time spent auto-exploring this place.
 F = Levels seen in this place.
 G = Mean time per level.
                   A        B        C        D        E       F      G
               +--------+--------+--------+--------+--------+-----+--------+
         Total |  14614 |  14138 |    476 |   1164 |   9686 |  20 |  730.7 |
       Dungeon |  11161 |  10760 |    401 |    774 |   7571 |  14 |  797.2 |
        Temple |    127 |    109 |     18 |      0 |    100 |   1 |  127.0 |
          Lair |   3325 |   3269 |     56 |    390 |   2014 |   5 |  665.0 |
               +--------+--------+--------+--------+--------+-----+--------+

Top non-repeatable levels by time:
  Lair:3: 1331 daAuts
    D:14: 1104 daAuts
     D:7: 1038 daAuts
    D:13: 964 daAuts
     D:8: 951 daAuts
     D:9: 913 daAuts
  Lair:2: 905 daAuts
     D:4: 791 daAuts
     D:3: 747 daAuts
     D:6: 744 daAuts
    D:10: 729 daAuts
     D:1: 726 daAuts
     D:2: 702 daAuts
     D:5: 678 daAuts
  Lair:1: 554 daAuts
